 Dungeon Sprint DCSS version 0.30-a0-377-g5cb311bc9f (webtiles) character file.

Game seed: 6382521148262152890

745 Darkkill the Basher (level 7, -1/73 HPs)
             Began as a Minotaur Berserker on Nov 30, 2022.
             Was a Priest of Trog.
             Slain by a polar bear (2 damage)
             ... in the Dungeon (Sprint II: "The Violet Keep of Menkaure").
             The game lasted 00:03:23 (449 turns).

Darkkill the Basher (Minotaur Berserker)             Turns: 449, Time: 00:03:24

Health: -1/73      AC:  5    Str: 24    XL:     7   Next: 47%
Magic:  6/6        EV: 14    Int:  6    God:    Trog [***...]
Gold:   139        SH:  0    Dex:  9    Spells: 6/6 levels left

rFire   . . .      SeeInvis +    a - +0 mace
rCold   . . .      Faith    .    (no shield)
rNeg    . . .      Spirit   .    b - +0 animal skin
rPois   .          Reflect  .    i - +3 crown of Dyrovepreva {rElec Int+2 SInv}
rElec   +          Harm     .    (no cloak)
rCorr   .          Rampage  .    (no gloves)
Will    .....      NoTele   +    (no boots)
Stlth   +.........               (no amulet)
HPRegen 0.32/turn                (no ring)
MPRegen 0.10/turn                (no ring)

@: slowed, very slow
A: horns 2, retaliatory headbutt
a: Renounce Religion, Berserk, Trog's Hand


You were in the Dungeon.
You worshipped Trog.
Trog was most pleased with you.
You visited 1 branch You collected 729 gold pieces.
You spent 590 gold pieces at shops.

Inventory:

Hand Weapons
 a - a +0 mace (weapon)
Armour
 b - a +0 animal skin (worn)
 i - the +3 crown of Dyrovepreva (worn) {rElec Int+2 SInv}
   (You acquired it in the Dungeon)

   Int:       It affects your intelligence (+2).
   rElec:     It insulates you from electricity.
   SInv:      It lets you see invisible.
Potions
 c - a potion of curing {@q1}
 d - a potion of heal wounds
 e - a potion of haste
 f - 2 potions of magic
 g - a potion of berserk rage


   Skills:
 + Level 10.5 Fighting
 + Level 10.5 Maces & Flails
 + Level 10.2 Armour
 + Level 9.3 Dodging


You had 6 spell levels left.
You didn't know any spells.
Your spell library was empty.

Dungeon Overview and Level Annotations

Branches:
Dungeon (1/1)

Altars:
Cheibriados
Dithmenos
Elyvilon
Fedhas
Gozag
Hepliaklqana
Kikubaaqudgha
Makhleb
Nemelex Xobeh
Okawaru
Qazlal
Ru
Sif Muna
Trog
Uskayaw
Vehumet
Wu Jian
Xom
Yredelemnul
Zin
The Shining One
Jiyva
Lugonu

Shops:
D !:?[!?=(=*?:?=[

Annotations:
D exclusions: obsidian statue and oklob plant


Innate Abilities, Weirdness & Mutations

You have a pair of horns on your head.
You reflexively headbutt those who attack you in melee.


Message History

There is an open door here.
You see here a scorpion corpse.
You enter the shallow water.
Moving in this stuff is going to be slow.
Marking area around an obsidian statue as unsafe for travelling.
As you open the door, it creaks loudly!
A worm comes into view.
The worm barely misses you. The worm bites you!
You hit the worm.
You headbutt the worm, but do no damage.
The worm is lightly wounded.
The worm misses you.
You hit the worm but do no damage. You headbutt the worm.
The worm is moderately wounded.
You hit the worm but do no damage. You headbutt the worm!
The worm is almost dead.
The worm bites you.
You barely miss the worm. Your headbutt misses the worm.
The worm is almost dead.
Your unstable footing causes you to fumble your attack.
The worm bites you.
You hit the worm.
The worm is almost dead.
You thump the worm!
You kill the worm!
Trog accepts your kill.
There is an open door here.
You see here a worm corpse.
You enter the shallow water.
Moving in this stuff is going to be slow.
Really walk into a travel-excluded area?
Found a water moccasin skeleton.
You are engulfed in a cloud of scalding steam.
You are engulfed in a cloud of scalding steam.
Really walk into a travel-excluded area?
You are engulfed in a cloud of scalding steam.
You feel much better.
You are engulfed in a cloud of scalding steam.
Found a glowing golden altar of the Shining One and a stormy altar of Qazlal.
Found an ornate altar of the Wu Jian Council.
Found three altars.
Found four altars.
Really walk into a travel-excluded area?
Found four altars.
You are engulfed in a cloud of scalding steam.
Found three altars.
You are engulfed in a cloud of scalding steam.
You enter the shallow water.
Moving in this stuff is going to be slow.
A polar bear comes into view.
Found three altars.
The polar bear growls angrily.
You hear an angry growl.
A polar bear comes into view. x2
The polar bear moves out of view.
The polar bear growls angrily.
You hear an angry buzzing noise.
You fail to use your ability.
A hornet comes into view.
You fail to use your ability.
Your polar bear goes berserk!
You can no longer call in reinforcements.
The polar bear bites you but does no damage.
The polar bear claws you but does no damage.
The polar bear closely misses you.
Okay, then.
You feel much better. The polar bear misses you. The polar bear claws you.
The polar bear claws you but does no damage.
A yaktaur comes into view.
Blink to where?
Press: ? - help, Q - select action, (/) - cycle Dir - move target Splash!
Found a green potion.
Found four altars.
As you read the scroll of blinking, it crumbles to dust.
The hornet stings you.
You feel yourself slow down.
Your polar bear bites the polar bear!
Your polar bear barely misses the polar bear.
Your polar bear claws the polar bear.
The polar bear bites you! The polar bear claws you.
The polar bear closely misses you. The hornet completely misses you.
You open the door. The hornet stings you.
You feel as though you will be slow longer.
Your polar bear bites the hornet!!
Your polar bear misses the hornet.
Your polar bear barely misses the hornet.
The polar bear barely misses you. The polar bear claws you. x2
The polar bear barely misses you.
The polar bear claws you but does no damage. x2
The polar bear misses you. You furiously retaliate!
You headbutt the polar bear! The polar bear claws you.
The polar bear barely misses you.
The hornet barely misses your polar bear.
Your polar bear bites the hornet.
Your polar bear claws the hornet.
Your polar bear barely misses the hornet.
The polar bear bites you!!
* * * LOW HITPOINT WARNING * * *
The polar bear claws you.
* * * LOW HITPOINT WARNING * * *
The polar bear claws you.
You die...

#+## ...## +.## .#..#
...# .).## #..## #..#
#'## .##..# +^^# #
#÷##$..#..# #..# .#
.<.+# +..####^.##c# !
#÷##...#.§§.###yhh##▓▓▓▓
#†# .##§.....hh@~~~~~~~
..#####~~.....~#'#######
.##.#~~~§§~~.§~#..._._._
.#.##~~~§~§~§§~#_._._._.
#†##~~~≈§§§~~~~#._._._._
~~~~~~~~§§§≈~~~#_._._._.
+#+++#~≈≈§≈≈≈≈~#._._._..
§§≈≈ ##≈§≈###§§#_._._...
§°≈≈§§##≈§# #≈≈#._._..


You could see 3 polar bears, a yaktaur, a hornet (distracted) and a friendly
polar bear (summoned, berserk).

Vanquished Creatures
  A merfolk siren (D)
  Menkaure (D)
  4 necrophages (D)
  A scorpion (D)
  3 worms (D)
10 creatures vanquished.

Vanquished Creatures (others)
  A water moccasin (D)
1 creature vanquished.

Grand Total: 11 creatures vanquished

Notes
Turn   | Place    | Note
-------+----------+-------------------------------------------
     0 | D        | Darkkill the Minotaur Berserker began the quest for the
                  | Orb.
     0 | D        | Reached XP level 1. HP: 19/19 MP: 0/0
     1 | D        | Noticed a necrophage
     1 | D        | Noticed a necrophage
     1 | D        | Noticed a necrophage
     1 | D        | Noticed a necrophage
     7 | D        | Killed a necrophage
     8 | D        | Reached skill level 5 in Fighting
     8 | D        | Reached skill level 5 in Maces & Flails
     8 | D        | Reached skill level 5 in Armour
     8 | D        | Reached XP level 2. HP: 30/30 MP: 1/1
     8 | D        | Reached XP level 3. HP: 37/37 MP: 2/2
    14 | D        | Killed a necrophage
    15 | D        | Reached skill level 5 in Dodging
    15 | D        | Reached XP level 4. HP: 29/45 MP: 3/3
    17 | D        | Killed a necrophage
    17 | D        | Reached ** piety under Trog
    18 | D        | Reached XP level 5. HP: 20/52 MP: 4/4
    60 | D        | Killed a water moccasin
   192 | D        | Noticed a boulder beetle
   192 | D        | Noticed a boulder beetle
   196 | D        | Noticed a merfolk siren
   211 | D        | Killed a merfolk siren
   211 | D        | Reached *** piety under Trog
   212 | D        | Reached XP level 6. HP: 38/66 MP: 5/5
   212 | D        | Reached XP level 7. HP: 41/71 MP: 6/6
   306 | D        | Found Dostohask's Antique Armour Emporium.
   306 | D        | Found Mokun's Book Shoppe.
   306 | D        | Found Bael's Jewellery Shoppe.
   307 | D        | Found Liwyf's Magic Scroll Emporium.
   307 | D        | Found Nummun's Assorted Antiques.
   307 | D        | Found Dufoicag's Jewellery Emporium.
   307 | D        | Found Cimir's Antique Weapon Shoppe.
   308 | D        | Found Atwuv's Jewellery Emporium.
   308 | D        | Found Ruuwneg's Magic Scroll Shoppe.
   308 | D        | Found Pirghaf's Distillery.
   308 | D        | Noticed a yak
   309 | D        | Found Musyc's Magic Scroll Emporium.
   309 | D        | Noticed a yak
   310 | D        | Found Zaoxketo's Antique Armour Shoppe.
   310 | D        | Found Zauj's Magic Scroll Emporium.
   310 | D        | Noticed Menkaure
   310 | D        | Noticed a yak
   310 | D        | Noticed an oklob plant
   310 | D        | Noticed a cane toad
   311 | D        | Found Bariapliy's Distillery.
   311 | D        | Found Ynessunn's Book Shoppe.
   313 | D        | Noticed a cane toad
   316 | D        | Noticed a hell hog
   316 | D        | Noticed a hell hog
   326 | D        | Bought a scroll of acquirement for 520 gold pieces
   326 | D        | Acquired the +3 crown of Dyrovepreva {rElec Int+2 SInv}
   326 | D        | Found the +3 crown of Dyrovepreva {rElec Int+2 SInv}
   336 | D        | Killed Menkaure
   337 | D        | Reached skill level 10 in Fighting
   337 | D        | Reached skill level 10 in Maces & Flails
   337 | D        | Reached skill level 10 in Armour
   377 | D        | Bought a potion of heal wounds for 70 gold pieces
   395 | D        | Reached **** piety under Trog
   410 | D        | Noticed an obsidian statue
   437 | D        | Found a glowing golden altar of the Shining One.
   437 | D        | Found a stormy altar of Qazlal.
   437 | D        | Found an ornate altar of the Wu Jian Council.
   438 | D        | Found a shimmering altar of Xom.
   438 | D        | Found a sacrificial altar of Ru.
   438 | D        | Found a hazy altar of Hepliaklqana.
   439 | D        | Found a basalt altar of Yredelemnul.
   439 | D        | Found a shimmering blue altar of Sif Muna.
   439 | D        | Found a viscous altar of Jiyva.
   440 | D        | Found a glowing silver altar of Zin.
   440 | D        | Found a bloodstained altar of Trog.
   440 | D        | Found an ancient bone altar of Kikubaaqudgha.
   440 | D        | Found a snail-covered altar of Cheibriados.
   441 | D        | Found a hide-covered altar of Uskayaw.
   441 | D        | Found a corrupted altar of Lugonu.
   441 | D        | Found a shadowy altar of Dithmenos.
   442 | D        | Found a radiant altar of Vehumet.
   442 | D        | Found a burning altar of Makhleb.
   442 | D        | Found a white marble altar of Elyvilon.
   442 | D        | Noticed a polar bear
   442 | D        | Noticed a polar bear
   442 | D        | Noticed a polar bear
   444 | D        | Noticed a hornet
   447 | D        | Noticed a yaktaur
   448 | D        | Found an iron altar of Okawaru.
   448 | D        | Found a sparkling altar of Nemelex Xobeh.
   448 | D        | Found an opulent altar of Gozag.
   448 | D        | Found a blossoming altar of Fedhas.
   449 | D        | HP: 4/73 [polar bear (18)]
   449 | D        | HP: 1/73 [polar bear (3)]
   449 | D        | Slain by a polar bear

Illustrated notes

Levels and vault maps discovered:
D:        the_violet_keep_of_menkaure [sprint2_stairs_cluster_1,
          sprint2_shoproom, sprint2_temple, sprint2_basic_supplies,
          sprint2_obstacle_3, sprint2_obstacle_7, sprint2_obstacle_2,
          sprint2_obstacle_6, sprint2_obstacle_1, sprint2_timed_cluster_1,
          sprint2_smallroom_cluster_1, sprint2_smallroom_final_cluster_1,
          sprint2_transparent_cluster_1, sprint2_second_timed_cluster_1,
          sprint2_sniper_area_1, sprint2_heavy_combat_area_1,
          sprint2_mutation_trap_area_1, sprint2_forest_area_1,
          sprint2_light_combat_area_1, sprint2_behind_water_1,
          sprint2_near_end_vault_1]

Skill      XL: |  1  2  3  4  5  6  7 |
---------------+----------------------+-----
Fighting       | 5 6 7 9 10 | 10.5
Maces & Flails | 5 6 7 9 10 | 10.5
Armour         | 5 6 9 10 | 10.2
Dodging        | 4 5 6 8 9 |  9.3

Action                   |  1- 3 |  4- 6 |  7- 9 || total
-------------------------+-------+-------+-------++-------
Melee: Mace              |    11 |    26 |    14 ||    51
       Headbutt          |     1 |     6 |     8 ||    15
Invok: Berserk           |     1 |     1 |     1 ||     3
       Brothers in Arms  |       |       |     1 ||     1
  Use: Scroll            |       |       |     2 ||     2
       Potion            |       |       |     2 ||     2
Armor: Animal skin       |     1 |     1 |     6 ||     8
Dodge: Dodged            |     8 |     4 |    16 ||    28

Table legend: (Time is in decaauts)
 A = Elapsed time spent in this place.
 B = Non-inter-level travel time spent in this place.
 C = Inter-level travel time spent in this place.
 D = Time resting spent in this place.
 E = Time spent auto-exploring this place.
 F = Levels seen in this place.
 G = Mean time per level.
                   A        B        C        D        E       F      G
               +--------+--------+--------+--------+--------+-----+--------+
         Total |    507 |    501 |      6 |    231 |      0 |   1 |  507.0 |
       Dungeon |    507 |    501 |      6 |    231 |      0 |   1 |  507.0 |
               +--------+--------+--------+--------+--------+-----+--------+

Top non-repeatable levels by time:
       D: 507 daAuts

Table legend:
 A = Kills in this place as a percentage of kills in entire the game.
 B = Kills by you in this place as a percentage of kills by you in the entire game.
 C = Kills by friends in this place as a percentage of kills by friends in the entire game.
 D = Other kills in this place as a percentage of other kills in the entire game.
 E = Experience gained in this place as a percentage of experience gained in the entire game.
 F = Experience gained in this place divided by the number of levels of this place that you have seen.
                   A       B       C       D       E      F
               +-------+-------+-------+-------+-------+----------------------
         Total | 100.0 | 100.0 |   N/A |   N/A | 100.0 | 1065.0
       Dungeon | 100.0 | 100.0 |   N/A |   N/A | 100.0 | 1065.0
               +-------+-------+-------+-------+-------+----------------------
